 Dungeon Crawl Stone Soup version 0.19-a0-262-g5df7875 (webtiles) character file.

458 oplop the Sneak (level 7, -11/36 HPs)
             Began as a Vine Stalker Assassin on May 26, 2016.
             Killed by divine providence
             ... invoked by an orc priest
              (13 damage)
             ... on level 4 of the Dungeon.
             The game lasted 00:04:57 (2954 turns).

oplop the Sneak (Vine Stalker Assassin)             Turns: 2954, Time: 00:04:58

Health: -11/36     AC:  3    Str: 18    XL:     7   Next: 6%
Magic:  0/8        EV: 17    Int: 11    God:
Gold:   113        SH:  0    Dex: 23    Spells: 0 memorised, 6 levels left

rFire  . . .     SeeInvis .     a - +3 dagger
rCold  . . .     Gourm    .     c - +0 robe
rNeg   . . .     Faith    .     (no shield)
rPois  .         Spirit   +     (no helmet)
rElec  .         Dismiss  .     d - +0 cloak
rCorr  .         Reflect  .     (no gloves)
SustAt .         Harm     .     (no boots)
MR     .....                    (no amulet)
Stlth  +++++.....               (no ring)
                                (no ring)

@: mighty, agile, flying, not resistant to hostile enchantments, quite stealthy
A: fangs 2, regeneration 2, magic shield, antimagic bite, no device heal 3, rot
immunity
a: no special abilities


You were on level 4 of the Dungeon.
You were not hungry.

You visited 1 branch of the dungeon, and saw 4 of its levels.
You also visited: Sewer.

You collected 113 gold pieces.

Inventory:

Hand Weapons
 a - a +3 dagger (weapon)
 b - a +0 blowgun
 t - a +2 dagger
Missiles
 e - 20 poisoned needles
 f - 2 curare-tipped needles
 h - 8 needles of confusion
Armour
 c - a +0 robe (worn)
 d - a +0 cloak (worn)
Scrolls
 n - 4 scrolls of identify {unknown}
 q - a scroll of random uselessness {unknown}
 s - 2 scrolls of remove curse
 u - 2 scrolls of teleportation
 w - 2 scrolls of fear {unknown}
Potions
 i - a potion of heal wounds
 j - 2 potions of flight
 k - a potion of magic
 m - 2 potions of might
Comestibles
 g - 3 bread rations
 l - 3 beef jerkies
 o - a meat ration
 r - a slice of pizza
 x - 2 chunks of flesh


   Skills:
 + Level 3.5 Fighting
 + Level 3.7 Short Blades
 + Level 3.6 Throwing
 - Level 0.7 Dodging
 + Level 6.6 Stealth


You had 6 spell levels left.
You didn't know any spells.

Dungeon Overview and Level Annotations

Branches:
Dungeon (4/15)
 Temple: D:4-7

Altars:
Cheibriados
Kikubaaqudgha
Okawaru


Innate Abilities, Weirdness & Mutations

You have extremely sharp teeth.
You heal very quickly.
When hurt, damage is shared between your health and your magic reserves.
Your bite disrupts and absorbs the magic of your enemies.
Potions and wands cannot restore your health.
You are immune to rotting.


Message History

Drink which item? (? for menu, Esc to quit)
It was a potion of agility.
You feel agile all of a sudden.
The orc priest hits you but does no damage.
Drink which item? (? for menu, Esc to quit)
You feel very mighty all of a sudden.
You barely miss the orc. You bite the orc. You drain its power.
You feel invigorated.
The orc is severely wounded.
You closely miss the orc. Your bite misses the orc.
The orc is severely wounded.
The orc hits you but does no damage.
You puncture the orc!
You kill the orc!
The orc priest mumbles some strange prayers to Beogh against you.
Beogh smites you!
* * * LOW HITPOINT WARNING * * *
The orc priest mumbles some strange prayers to Beogh against you.
Beogh smites you!
You die...

#####...######.#(#.#.
#. +............#.#.#
.. #.
############.#.#.#
#.##. #.#.#.# #..#.
#.#.#.# ##.#. #.#.#.
.#.... #.# ...#..##
#########.#..#.##..##
#ooo@)...............
#.######.############
#.#...........
#.#.####.####. #.#
#.#.... #.# #.#.###
... #.#....
########.#####
.............


You could see 2 orc priests and an orc.

Vanquished Creatures
  3 big kobolds (Sewer)
  Jessica (D:2)
  A worker ant (D:4)
  An orc wizard (D:4)
  A hound skeleton (D:4)
  6 adders
  An ooze (Sewer)
  5 worms
  6 dart slugs
  4 giant geckos
  5 orcs (D:4)
  3 goblins
  2 hobgoblins (D:2)
  7 jackals (D:2)
  10 kobolds
  A quokka (D:3)
  3 ball pythons
  7 bats
  3 giant newts
  20 rats
90 creatures vanquished.

Notes
Turn   | Place    | Note
--------------------------------------------------------------
     0 | D:1      | oplop the Vine Stalker Assassin began the quest for the Orb.
     0 | D:1      | Reached XP level 1. HP: 11/11 MP: 2/2
   120 | D:1      | Reached XP level 2. HP: 15/15 MP: 3/3
   258 | D:1      | Reached skill level 5 in Stealth
   706 | D:2      | Reached XP level 3. HP: 17/18 MP: 4/4
   741 | D:2      | oplop: нужен спелл на хаосбренд, хе
   941 | D:2      | Wingboner: Поклоняйся Зому.
  1076 | D:2      | Wingboner: Он иногда даёт.
  1085 | D:2      | oplop: а вот зом не нужен
  1085 | D:2      | oplop: а спелл нужен
  1115 | D:2      | Noticed Jessica
  1121 | D:2      | Killed Jessica
  1121 | D:2      | Reached XP level 4. HP: 22/23 MP: 5/5
  1771 | D:3      | Found a snail-covered altar of Cheibriados.
  1783 | D:3      | Found an ancient bone altar of Kikubaaqudgha.
  1786 | D:3      | Found an iron altar of Okawaru.
  1923 | D:3      | Reached XP level 5. HP: 27/27 MP: 6/6
  2054 | D:3      | Found a glowing drain.
  2078 | Sewer    | Entered a sewer
  2348 | Sewer    | Noticed a big kobold
  2349 | Sewer    | Noticed a big kobold
  2379 | Sewer    | Killed a big kobold
  2379 | Sewer    | Reached skill level 6 in Stealth
  2379 | Sewer    | Gained mutation: You heal very quickly. [Vine Stalker growth]
  2379 | Sewer    | Reached XP level 6. HP: 5/32 MP: 2/7
  2893 | D:4      | Reached XP level 7. HP: 16/36 MP: 6/8
  2954 | D:4      | Killed from afar by an orc priest

Vault maps used:
D:1:      erik_arrival_orb_chamber
D:2:      uniq_jessica
D:3:      grunt_temple_overflow_diamond, portal_sewer_entry_d, first_bread
D:4:      eino_small_chamber_without_monster, roderic_lattice_a,
          corner_web_ring, gammafunk_pakellas_cloud_experiment
Sewer:    sewer_co_15_rooms

Skill      XL: |  1  2  3  4  5 |
---------------+----------------+-----
Throwing       | 2 3 |  3.6
Short Blades   | 2 3 |  3.7
Stealth        | 5 6 |  6.6
Fighting       | 2 3 |  3.5
Dodging        | |  0.7

Action                   |  1- 3 |  4- 6 |  7- 9 || total
-------------------------+-------+-------+-------++-------
Melee: Dagger            |    52 |   222 |    11 ||   285
       Bite              |    28 |    46 |     5 ||    79
       Short sword       |    41 |       |       ||    41
 Fire: Blowgun           |     4 |    17 |       ||    21
  Use: Scroll            |     3 |       |       ||     3
       Potion            |       |     2 |     5 ||     7
 Stab: Sleeping          |     7 |    13 |       ||    20
  Eat: Meat ration       |       |     1 |       ||     1
       Chunk             |       |       |     2 ||     2
Armor: Robe              |    17 |    52 |     1 ||    70
Dodge: Dodged            |    53 |   108 |     5 ||   166
